 Dungeon Crawl Stone Soup version 0.25-a0-346-g140ab784a8 (webtiles) character file.

Game seed: 12348866248491298532, levelgen mode: deterministic

3537 BritishOli the Carver (level 9, 0/72 HPs)
             Began as a Demonspawn Gladiator on Jan 1, 2020.
             Was an Initiate of Okawaru.
             Slain by an orc warrior
             ... wielding a +0 trident of piercing
              (13 damage)
             ... on level 8 of the Dungeon.
             The game lasted 00:17:27 (8129 turns).

BritishOli the Carver (Demonspawn Gladiator)        Turns: 8129, Time: 00:17:27

Health: 0/72       AC: 13    Str: 18    XL:     9   Next: 82%
Magic:  0/9        EV: 13    Int: 10    God:    Okawaru [......]
Gold:   627        SH:  0    Dex: 14    Spells: 8/8 levels left

rFire    . . .     SeeInvis .   g - +1 great sword (vamp)
rCold    . . .     Gourm    .   (shield currently unavailable)
rNeg     . . .     Faith    .   w - +0 scale mail
rPois    .         Spirit   +   c - +0 helmet
rElec    .         Reflect  .   h - +2 cloak
rCorr    .         Harm     .   (no gloves)
MR       .....                  (no boots)
Stlth    ..........             (no amulet)
HPRegen  0.22/turn              (no ring)
MPRegen  0.11/turn              (no ring)

@: no status effects
A: talons 1, molten scales 1, powered by death 1, magic shield
a: Renounce Religion


You were on level 8 of the Dungeon.
You worshipped Okawaru.
Okawaru was noncommittal.
You were very hungry.

You visited 2 branches of the dungeon, and saw 9 of its levels.

You collected 627 gold pieces.

Inventory:

Hand Weapons
 a - a +0 long sword
 g - a +1 vampiric great sword (weapon)
Armour
 b - a +0 leather armour
 c - a +0 helmet (worn)
 h - a +2 cloak (worn)
 t - a +0 plate armour
 w - a +0 scale mail (worn)
Jewellery
 z - the ring "Ocesoum" {rC+++ Str-4 Dex+8 Slay-5 Stlth+, unknown}
   (You found it on level 8 of the Dungeon)

   [ring of stealth]

   It affects your strength (-4).
   It affects your dexterity (+8).
   It affects your accuracy and damage with ranged weapons and melee attacks
   (-5).
   It renders you almost immune to cold.
   It makes you more stealthy.
Wands
 v - a wand of paralysis (10)
 B - a wand of scattershot (4)
Scrolls
 e - 2 scrolls of identify
 j - 2 scrolls of remove curse
 k - 3 scrolls of noise
 p - 4 scrolls of magic mapping {unknown}
 q - 2 scrolls of enchant weapon {unknown}
 r - 2 scrolls of fear {unknown}
 s - a scroll of immolation {unknown}
 u - 2 scrolls of enchant armour
 y - 2 scrolls of teleportation
Potions
 d - 2 potions of cancellation {unknown}
 i - 2 potions of brilliance
 l - a potion of curing
 m - 3 potions of lignification
 n - a potion of heal wounds {unknown}
 o - a potion of haste
 x - a potion of experience {unknown}
 A - a potion of resistance {unknown}
 C - 2 potions of flight {unknown}
Comestibles
 f - 13 rations


   Skills:
 + Level 7.1 Fighting
 * Level 8.6 Long Blades
 - Level 2.2 Throwing
 + Level 4.8 Armour
 - Level 6.3 Dodging


You had 8 spell levels left.
You didn't know any spells.
Your spell library contained the following spells:

 Spells                   Type           Power        Failure   Level  Hunger
 Corona                   Hex            #......      75%         1    ##.....
 Magic Dart               Conj           #...         75%         1    ##.....
 Blink                    Tloc           N/A          86%         2    ###....
 Call Imp                 Summ           #.......     86%         2    ###....
 Ensorcelled Hibernation  Hex/Ice        #.....       86%         2    ###....
 Slow                     Hex            #.......     86%         2    ###....
 Confuse                  Hex            #.......     98%         3    ####...
 Conjure Flame            Conj/Fire      #.......     98%         3    ####...
 Dazzling Flash           Conj/Hex       #.....       98%         3    ####...
 Mephitic Cloud           Conj/Pois/Air  #.......     98%         3    ####...
 Tukima's Dance           Hex            #.......     98%         3    ####...


Dungeon Overview and Level Annotations

Branches:
Dungeon (8/15)             Temple (1/1) D:7
   Lair: D:8-11

Altars:
Ashenzari
Cheibriados
Dithmenos
Elyvilon
Fedhas
Gozag
Hepliaklqana
Kikubaaqudgha
Makhleb
Nemelex Xobeh
Okawaru
Qazlal
Ru
Sif Muna
Trog
Uskayaw
Vehumet
Wu Jian
Xom
Yredelemnul
Zin
The Shining One

Shops:
D:5 *   D:6 [

Annotations:
D:3 Sigmund
D:5 Prince Ribbit
D:6 Menkaure


Innate Abilities, Weirdness & Mutations

You have sharp toenails.
You are partially covered in molten scales. (AC +2)
You regenerate a little health from kills.
When hurt, damage is shared between your health and your magic reserves.


Message History

You barely miss the orc. The orc hits you but does no damage.
The orc warrior barely misses you. The orc hits you but does no damage.
The orc warrior barely misses you.
You hit the orc.
You feel better.
Your kick misses the orc.
The orc is severely wounded.
The orc hits you but does no damage. The orc warrior barely misses you.
You hit the orc but do no damage. Your kick misses the orc.
The orc is severely wounded.
The orc hits you but does no damage.
The orc warrior hits you with a +0 trident of piercing!
* * * LOW HITPOINT WARNING * * *
x2 You feel better.
The orc barely misses you.
The orc warrior hits you with a +0 trident of piercing.
* * * LOW HITPOINT WARNING * * *
x2 You feel better.
The orc warrior barely misses you. The orc hits you but does no damage.
The orc closely misses you.
You riposte.
You slash the orc!
You kill the orc!
The orc warrior hits you from afar with a +0 trident of piercing!
You die...

...+
...##..##..#..........#..
...#
........#..####.......#..
...
.....##..##....#....###
..# #..##..##....#.......
..##
#..o.)..#....#.......
...#
##+##...#....#.......
<..#
#..##'###....#.......
...+
#..##..##....#....###
...# #.o.@........#....#
...# #...)........#....#
#### ##############....#
######


You could see an orc warrior.

Vanquished Creatures
  A hippogriff (D:7)
  3 yaks (D:8)
  Eustachio (D:5)
  Duvessa (D:6)
  Purgy (D:3)
  2 ice beasts (D:6)
  A phantom (D:6)
  5 ogres
  2 centaurs
  3 bullfrogs
  Dowan (D:6)
  6 scorpions
  4 wights (D:7)
  2 crimson imps
  A bullfrog zombie (D:5)
  A centaur zombie (D:7)
  4 hounds
  A jelly (D:6)
  4 orc wizards
  4 orc priests
  A bullfrog skeleton (D:3)
  Jessica (D:2)
  5 worker ants
  2 hound skeletons
  3 gnolls (D:4)
  15 adders
  5 shadow imps
  3 worms
  A dart slug (D:1)
  3 leopard geckos
  16 orcs
  5 bats
  4 giant cockroaches
  8 goblins
  7 hobgoblins
  16 jackals
  5 quokkas
  4 frilled lizards
  3 kobolds
  10 rats
165 creatures vanquished.

Vanquished Creatures (others)
  3 fungi (D:5)
  2 plants (D:5)
5 creatures vanquished.

Grand Total: 170 creatures vanquished

Notes
Turn   | Place    | Note
-------+----------+-------------------------------------------
     0 | D:1      | BritishOli the Demonspawn Gladiator began the quest for the
                  | Orb.
     0 | D:1      | Reached XP level 1. HP: 16/16 MP: 1/1
   150 | D:1      | Gained mutation: You have sharp toenails. [demonic
                  | ancestry]
   150 | D:1      | Reached XP level 2. HP: 14/22 MP: 2/2
   487 | D:2      | Reached skill level 3 in Long Blades
   487 | D:2      | Reached XP level 3. HP: 28/28 MP: 3/3
   743 | D:2      | Reached XP level 4. HP: 19/34 MP: 4/4
   928 | D:2      | Noticed Jessica
   935 | D:2      | Killed Jessica
  1375 | D:3      | Noticed Purgy
  1390 | D:3      | Killed Purgy
  1390 | D:3      | Reached XP level 5. HP: 6/41 MP: 5/5
  1576 | D:3      | Reached skill level 4 in Long Blades
  1881 | D:3      | Gained mutation: You regenerate a little health from kills.
                  | [demonic ancestry]
  1881 | D:3      | Reached XP level 6. HP: 48/48 MP: 6/6
  2021 | D:3      | Noticed Sigmund
  2675 | D:4      | Reached XP level 7. HP: 44/55 MP: 7/7
  2750 | D:4      | Reached skill level 5 in Long Blades
  2750 | D:4      | Reached skill level 1 in Armour
  2760 | D:4      | Found an opulent altar of Gozag.
  3055 | D:4      | Reached skill level 5 in Dodging
  3348 | D:3      | Reached skill level 5 in Fighting
  3568 | D:3      | Paralysed by a hobgoblin for 6 turns
  3633 | D:5      | Entered Level 5 of the Dungeon
  3636 | D:5      | Found a radiant altar of Vehumet.
  3709 | D:5      | Found Oxke's General Store.
  3893 | D:5      | Gained mutation: You are partially covered in molten
                  | scales. (AC +2) [demonic ancestry]
  3893 | D:5      | Reached XP level 8. HP: 44/62 MP: 8/8
  4431 | D:5      | Noticed Prince Ribbit
  4768 | D:6      | Reached skill level 6 in Long Blades
  4770 | D:6      | Found Oclivvai's Armour Shoppe.
  4912 | D:6      | Found an ancient bone altar of Kikubaaqudgha.
  5141 | D:6      | Noticed Menkaure
  6027 | D:6      | Found a shimmering altar of Xom.
  6040 | D:6      | Noticed Eustachio
  6140 | D:5      | Killed Eustachio
  6230 | D:6      | Noticed Duvessa
  6232 | D:6      | Noticed Dowan
  6241 | D:6      | Killed Duvessa
  6241 | D:6      | Reached skill level 7 in Long Blades
  6252 | D:6      | Killed Dowan
  6252 | D:6      | Gained mutation: When hurt, damage is shared between your
                  | health and your magic reserves. [demonic ancestry]
  6252 | D:6      | Reached XP level 9. HP: 53/69 MP: 9/9
  6261 | D:6      | Found a radiant altar of Vehumet.
  7336 | D:7      | Reached skill level 8 in Long Blades
  7399 | D:7      | Found a staircase to the Ecumenical Temple.
  7478 | Temple   | Entered the Ecumenical Temple
  7642 | Temple   | Became a worshipper of Warmaster Okawaru
  7918 | D:8      | Got a steaming bronze ring
  8049 | D:8      | Found a hazy altar of Hepliaklqana.
  8126 | D:8      | HP: 1/72 [orc warrior/+0 trident of piercing (4)]
  8129 | D:8      | Slain by an orc warrior

Levels and vault maps discovered:
D:1:      dpeg_arrival_prison, layout_rooms, minmay_pentomino_q2
D:2:      layout_basic, uniq_jessica
D:3:      layout_basic, first_ration, uniq_purgy, uniq_sigmund
D:4:      layout_loops_cross, grunt_gozag_breadcrumbs,
          minmay_misc_feat_nine_boxes, amethyst_killhole
D:5:      old_forge, layout_basic, serial_shops, shop, basic_altar,
          uniq_prince_ribbit1
D:6:      layout_basic, kiku_gazebo_pond_becter, lemuel_crystal_altar,
          kennysheep_mini_moat, minmay_shop_grid_forest, due_unseen_surprise,
          uniq_duvessa, uniq_eustachio, uniq_menkaure
D:7:      layout_basic, minmay_temple_entry_glassed_door
D:8:      layout_gridville, basic_altar
Temple:   dpeg_five_rooms_temple

Skill      XL: |  1  2  3  4  5  6  7  8  9 |
---------------+----------------------------+-----
Throwing       | 2 |  2.2
Dodging        | 3 4 5 6 |  6.3
Long Blades    | 3 4 5 7 8 |  8.6
Fighting       | 3 4 5 6 7 |  7.1
Armour         | 2 3 4 |  4.8

Action                   |  1- 3 |  4- 6 |  7- 9 || total
-------------------------+-------+-------+-------++-------
Melee: Long sword        |    82 |   131 |   213 ||   426
       Kick              |    10 |    46 |   137 ||   193
       Great sword       |       |       |   123 ||   123
Throw: Throwing net      |       |     2 |     3 ||     5
  Use: Scroll            |       |     2 |     7 ||     9
       Potion            |       |       |     3 ||     3
 Stab: Sleeping          |     1 |       |       ||     1
  Eat: Chunk             |       |     3 |    13 ||    16
       Ration            |       |     1 |     1 ||     2
Armor: Leather armour    |    39 |    28 |    10 ||    77
       Scale mail        |       |       |   193 ||   193
Dodge: Dodged            |    68 |   107 |   282 ||   457
       Rpst.: Long sword |    22 |    32 |    59 ||   113
       Great sword       |       |       |    29 ||    29

Table legend:
 A = Non-vault XP
 B = Vault XP
 C = Vault XP percentage of total XP
 D = Non-vault monster count
 E = Vault monster count
 F = Vault count percentage of total count
                 A         B        C        D         E       F
            +---------+---------+-------+---------+---------+-------
      Total |    4228 |     825 |  16.3 |     150 |      15 |   9.1
            +---------+---------+-------+---------+---------+-------
        D:1 |      24 |       8 |  25.0 |      14 |       4 |  22.2
        D:2 |      83 |      37 |  30.8 |      23 |       1 |   4.2
        D:3 |     432 |     130 |  23.1 |      30 |       1 |   3.2
        D:4 |     618 |      67 |   9.8 |      18 |       1 |   5.3
        D:5 |     168 |     360 |  68.2 |      14 |       6 |  30.0
        D:6 |     816 |     223 |  21.5 |      12 |       2 |  14.3
        D:7 |    1163 |       0 |   0.0 |      25 |       0 |   0.0
        D:8 |     924 |       0 |   0.0 |      14 |       0 |   0.0
            +---------+---------+-------+---------+---------+-------
